 Dungeon Crawl Stone Soup version 0.16-a0-119-gc74d62a (webtiles) character file.

1099 Ololoev the Basher (level 8, -13/74 HPs)
             Began as an Ogre Hunter on Aug 12, 2014.
             Mangled by an orc warrior
             ... wielding a +0 mace
              (16 damage)
             ... on Level 5 of the Dungeon.
             The game lasted 00:25:16 (8480 turns).

Ololoev the Basher (Ogre Hunter)                    Turns: 8480, Time: 00:25:16

HP -13/74        AC  6     Str 20      XL: 8   Next: 32%
MP   8/8         EV 10     Int 10      God:
Gold 200         SH  0     Dex 10      Spells:  0 memorised,  7 levels left

rFire  + . .     SeeInvis .     p - +3 mace (curse)
rCold  . . .     Clarity  .     C - +2 robe {rF+}
rNeg   . . .     rCorr    .     (shield restricted)
rPois  +         rRot     .     (helmet restricted)
rElec  .         Spirit   .     m - +0 cloak
SustAb .         Warding  .     (gloves unavailable)
rMut   .         Stasis   .     (boots unavailable)
Gourm  .                        (no amulet)
MR     .....                    (no ring)
                                s - ring of poison resistance

@: not resistant to hostile enchantments, very unstealthy
A: unfitting armour, tough skin 1
a: no special abilities


You were on level 5 of the Dungeon.
You were hungry.

You visited 1 branch of the dungeon, and saw 6 of its levels.

You collected 200 gold pieces.

Inventory:

Hand weapons
 p - a cursed +3 mace (weapon)
 y - a +0 giant club
Missiles
 c - a throwing net
 A - 3 large rocks (quivered)
Armour
 m - a +0 cloak (worn)
 C - a +2 robe of fire resistance (worn)
Magical devices
 b - a wand of teleportation (0)
Comestibles
 f - 6 meat rations
 x - 3 fruits
 D - a bread ration
 E - a beef jerky
Scrolls
 a - a scroll of random uselessness {unknown}
 g - a scroll of immolation
 h - a scroll of recharging {unknown}
 i - a scroll of fog
 k - 3 scrolls of remove curse
 l - 3 scrolls of fear
 q - 3 scrolls of teleportation
 r - 3 scrolls of enchant weapon
 t - a scroll of enchant armour {unknown}
 w - a scroll of magic mapping {unknown}
 B - a scroll of noise {unknown}
Jewellery
 s - a ring of poison resistance (left hand)
Potions
 e - 3 potions of cancellation
 j - a potion of restore abilities
 n - a potion of haste
 o - a potion of brilliance
 v - 2 potions of heal wounds
 z - a potion of flight {unknown}
 F - 2 potions of curing
 G - a potion of mutation {unknown}


   Skills:
 - Level 2.6 Fighting
 + Level 11.0 Maces & Flails
 + Level 6.4 Throwing
 - Level 1.7 Dodging
 - Level 0.7 Stealth


You had 7 spell levels left.
You didn't know any spells.

Dungeon Overview and Level Annotations

Branches:
Dungeon (6/15)
 Temple: D:4-7

Altars:
Cheibriados
Sif Muna
Trog
Xom

Shops:
D:4 *


Innate Abilities, Weirdness & Mutations

You are too large for most types of armour.
You have tough skin (AC +1).


Message History

The orc hits you with a flail.
* * * LOW HITPOINT WARNING * * *
The orc hits you but does no damage.
You climb upwards.
There is a stone staircase leading down here.
The orc barely misses you.
Throwing (i - inventory. (,) - cycle):
A - 5 large rocks (quivered)
Press: ? - help, Shift-Dir - straight line, f - orc warrior
Aim: an orc warrior, wielding a mace and wearing a plate armour You throw a large rock.
The large rock hits the orc warrior!!
The orc warrior is severely wounded.
Throwing (i - inventory. (,) - cycle):
A - 4 large rocks (quivered)
Press: ? - help, Shift-Dir - straight line, f/p - orc warrior
Aim: an orc warrior, wielding a mace and wearing a plate armour (severely wounded)
You throw a large rock. The large rock hits the orc warrior.
The orc warrior is almost dead.
The orc hits you with a flail.
* * * LOW HITPOINT WARNING * * *
The orc warrior hits you with a mace!
You die...

...#####........>...(#
....## ###...........#
.....# #............##
.....# #.............#
.....# #............##
.....# #............#
.....####......>o....#
.......##.....[oo...##
........#.......@...#
.....##.............#
.....###...........##
##...# ##..........###
##### #............#
#...........##
#......###### #####.##
#..#


You could see an orc warrior and 2 orcs.

Vanquished Creatures
  Menkaure (D:4)
  2 water moccasins (D:4)
  2 ogres
  A centaur (D:5)
  A hound (D:2)
  2 orc wizards (D:5)
  A worker ant (D:5)
  An iguana (D:4)
  3 orc priests
  Ijyb (D:4)
  Terence (D:3)
  A hound skeleton (D:5)
  3 gnolls
  9 adders
  A worm (D:5)
  An adder zombie (D:5)
  3 giant geckos (D:2)
  An ooze (D:6)
  18 orcs
  A ball python (D:4)
  13 bats
  A bat skeleton (D:4)
  3 giant cockroaches
  17 goblins
  10 hobgoblins
  6 jackals
  11 kobolds
  3 quokkas
  3 giant newts
  A kobold skeleton (D:5)
  10 rats
  2 rat zombies (D:5)
134 creatures vanquished.

Notes
Turn   | Place    | Note
--------------------------------------------------------------
     0 | D:1      | Ololoev, the Ogre Hunter, began the quest for the Orb.
     0 | D:1      | Reached XP level 1. HP: 22/22 MP: 1/1
   290 | D:1      | Reached XP level 2. HP: 26/29 MP: 2/2
   991 | D:2      | Reached XP level 3. HP: 26/36 MP: 3/3
  1270 | D:2      | Found a shimmering altar of Xom.
  1528 | D:2      | Found a bloodstained altar of Trog.
  1907 | D:2      | Reached XP level 4. HP: 36/44 MP: 4/4
  1967 | D:2      | Reached skill level 5 in Maces & Flails
  2064 | D:2      | Found a deep blue altar of Sif Muna.
  2503 | D:3      | Noticed Terence
  2521 | D:2      | Reached skill level 6 in Maces & Flails
  2759 | D:2      | Reached XP level 5. HP: 14/50 MP: 5/5
  3773 | D:3      | Found a snail-covered altar of Cheibriados.
  3789 | D:3      | Reached skill level 7 in Maces & Flails
  4414 | D:3      | Killed Terence
  4760 | D:4      | Reached XP level 6. HP: 53/59 MP: 6/6
  5241 | D:4      | Reached skill level 8 in Maces & Flails
  5400 | D:4      | Found Migukh's Serpentskin Sales.
  5400 | D:4      | Noticed a water moccasin
  5400 | D:4      | Noticed a water moccasin
  5404 | D:4      | Killed a water moccasin
  5417 | D:4      | Killed a water moccasin
  5417 | D:4      | Reached skill level 9 in Maces & Flails
  5417 | D:4      | Reached XP level 7. HP: 26/66 MP: 7/7
  6376 | D:4      | Noticed Menkaure
  6385 | D:4      | Killed Menkaure
  6385 | D:4      | Reached skill level 10 in Maces & Flails
  6385 | D:4      | Reached skill level 5 in Throwing
  6640 | D:5      | Entered Level 5 of the Dungeon
  6643 | D:5      | Noticed Ijyb
  6660 | D:4      | Killed Ijyb
  7649 | D:5      | Reached XP level 8. HP: 74/74 MP: 8/8
  8411 | D:5      | Reached skill level 11 in Maces & Flails
  8480 | D:5      | HP: 3/74 [orc/flail (3)]
  8480 | D:5      | Mangled by an orc warrior

Action                   |  1- 3 |  4- 6 |  7- 9 || total
-------------------------+-------+-------+-------++-------
Melee: Club              |   151 |    72 |       ||   223
       Flail             |       |    47 |       ||    47
       Whip              |       |   100 |    16 ||   116
       Mace              |       |    23 |   127 ||   150
Throw: Large rock        |     6 |    14 |    14 ||    34
       Throwing net      |       |     2 |       ||     2
  Use: Scroll            |       |    13 |     1 ||    14
  Eat: Chunk             |     3 |    11 |     8 ||    22
       Pizza             |       |       |     1 ||     1
